[Event "Team 45 45 League T50"]
[Site "Internet Chess Club"]
[Date "2011.09.19"]
[Round "6"]
[White "ILRE"]
[Black "SirIvanhoe"]
[Result "1-0"]
[WhiteElo "1702"]
[BlackElo "1514"]
[Opening "English: Caro-Kann defensive system"]
[ECO "D13"]
[Time "19:00:08"]
[TimeControl "2700+45"]

1. c4 c6 2. Nc3 d5 3. cxd5 cxd5 4. d4 Nf6 5. Nf3 Nc6 6. h3 a6 7. Bf4 g6 8. e3
Bg7 9. Bd3 O-O 10. O-O b5 11. Rc1 Bb7 12. a3 Rc8 13. Nd2 Re8 14. Nf3 Na5 15. Ne5
Nc4 16. Nxc4 bxc4 17. Bb1 Bc6 18. Bc2 e6 19. Ba4 Qb6 20. Bxc6 Rxc6 21. Rb1 Rec8
22. f3 Nd7 23. Kh1 Qb3 24. Qd2 Nb6 25. e4 Rd8 26. e5 Rdc8 27. Rfc1 Na4 28. Bg5
Kf8 29. Qf2 Nxc3 30. Rxc3 Qa4 31. Qh4 Kg8 32. Bf6 Rb8 33. b4 cxb3 34. Rxc6 Qxc6
35. Be7 b2 36. Bc5 Bxe5 37. Rxb2 Bd6 38. Rxb8+ Bxb8 39. Qd8+ {Black resigns} 1-0

[Event "Team 45 45 League T50"]
[Site "Internet Chess Club"]
[Date "2011.09.16"]
[Round "6"]
[White "CKNIGHT3"]
[Black "Helaman"]
[Result "0-1"]
[WhiteElo "1521"]
[BlackElo "1498"]
[Opening "QGD: Tarrasch defense"]
[ECO "D32"]
[Time "22:00:27"]
[TimeControl "2700+45"]

1. d4 d5 2. c4 e6 3. Nc3 c5 4. Nf3 Nc6 5. e3 Nf6 6. Bd3 Be7 7. O-O O-O 8. Re1 a6
9. h3 dxc4 10. Bxc4 b5 11. Bd3 cxd4 12. exd4 Bb7 13. Bc2 Nb4 14. Be4 Nbd5 15.
Nxd5 Bxd5 16. Bxd5 Nxd5 17. a3 Bf6 18. Qd3 Qb6 19. Bg5 Rfc8 20. Rac1 Rc6 21.
Red1 Rac8 22. Qd2 Qc7 23. Bxf6 Rxc1 24. Rxc1 Qxc1+ 25. Qd1 Qxd1+ 26. Kh2 Nxf6
27. b4 Rc2 28. Kg3 Qf1 29. Kf4 Nd5+ 30. Ke4 Qe2# {White checkmated} 0-1

[Event "Team 45 45 League T50"]
[Site "Internet Chess Club"]
[Date "2011.09.18"]
[Round "6"]
[White "BrandonBee"]
[Black "LeanSixSigma"]
[Result "1-0"]
[WhiteElo "1539"]
[BlackElo "1433"]
[Opening "Ruy Lopez: modern Steinitz defense"]
[ECO "C74"]
[Time "10:02:12"]
[TimeControl "2700+45"]

1. e4 e5 2. Nf3 Nc6 3. Bb5 a6 4. Ba4 d6 5. c3 Nf6 6. d3 Bd7 7. Nbd2 Be7 8. Nf1
b5 9. Bb3 Na5 10. Bc2 c5 11. h3 O-O 12. Ng3 Nc6 13. O-O b4 14. Nh2 Qc8 15. f4 d5
16. f5 dxe4 17. dxe4 Rd8 18. Qe2 Na5 19. c4 Nc6 20. Be3 Nd4 21. Bxd4 cxd4 22.
Bd3 Bc5 23. Ng4 Nxg4 24. Qxg4 f6 25. Nh5 g5 26. Nxf6+ Kf7 27. Qxg5 Be7 28. Qh5+
Kxf6 29. Qh6+ Kf7 30. Qxh7+ Ke8 31. Qg6+ Kf8 32. f6 Bd6 33. Qg7+ Ke8 34. f7+ Ke7
35. f8=Q+ Ke6 36. Rf6# {Black checkmated} 1-0

[Event "Team 45 45 League T50"]
[Site "Internet Chess Club"]
[Date "2011.09.18"]
[Round "6"]
[White "SuperPeon"]
[Black "SlimeDog2"]
[Result "1/2-1/2"]
[WhiteElo "2146"]
[BlackElo "2077"]
[Opening "Bishop's opening: Berlin defense"]
[ECO "C24"]
[Time "22:04:42"]
[TimeControl "2700+45"]

1. e4 e5 2. Bc4 Nf6 3. d3 c6 4. Nf3 d5 5. Bb3 a5 6. a3 a4 7. Ba2 Bd6 8. Nc3 d4
9. Ne2 O-O 10. O-O Be6 11. Ng3 Bxa2 12. Rxa2 g6 13. Bh6 Re8 14. h3 Nbd7 15. Qd2
Bf8 16. Bxf8 Nxf8 17. Raa1 Qd6 {Game drawn by mutual agreement} 1/2-1/2

[Event "Team 45 45 League T50"]
[Site "Internet Chess Club"]
[Date "2011.09.17"]
[Round "6"]
[White "perikitosax"]
[Black "BadHabitMarco"]
[Result "0-1"]
[WhiteElo "1997"]
[BlackElo "2184"]
[Opening "Budapest: Rubinstein variation"]
[ECO "A52"]
[Time "13:08:27"]
[TimeControl "2700+45"]

1. d4 Nf6 2. c4 e5 3. dxe5 Ng4 4. Bf4 Nc6 5. Nf3 Bb4+ 6. Nbd2 Qe7 7. e3 Ngxe5 8.
Nxe5 Nxe5 9. Be2 d6 10. O-O Bd7 11. a3 Bxd2 12. Qxd2 O-O-O 13. Qc3 Ng6 14. Bg3
Bc6 15. b4 h5 16. b5 Bxg2 17. Kxg2 h4 18. Qd4 hxg3 19. hxg3 Kb8 20. Rh1 Ne5 21.
f4 Nd7 22. Bf3 Nc5 23. Rae1 f5 24. e4 Rxh1 25. Kxh1 fxe4 26. Rxe4 Nxe4 27. Bxe4
Re8 28. Bf3 Qe6 29. Kg2 Re7 30. a4 Qf5 31. a5 Qc2+ 32. Kh3 Qh7+ 33. Kg2 Re1 34.
Kf2 Rc1 35. Qd5 Qh2+ 36. Ke3 Rc3+ {White resigns} 0-1

[Event "Team 45 45 League T50"]
[Site "Internet Chess Club"]
[Date "2011.09.17"]
[Round "6"]
[White "DARKwizard1"]
[Black "DreamCatcher13"]
[Result "0-1"]
[WhiteElo "2007"]
[BlackElo "2021"]
[Opening "Giuoco Piano"]
[ECO "C54"]
[Time "12:13:28"]
[TimeControl "2700+45"]

1. e4 e5 2. Nf3 Nc6 3. Bc4 Bc5 4. c3 Nf6 5. d3 O-O 6. b4 Bb6 7. a4 a6 8. Bg5 h6
9. Bh4 d6 10. O-O g5 11. Nxg5 hxg5 12. Bxg5 Kg7 13. Kh1 Rh8 14. h4 Qd7 15. f4
Nh5 16. fxe5 Nxe5 17. Nd2 f6 18. Bf4 Ng4 19. g3 Nf2+ 20. Rxf2 Bxf2 21. Qf3 Qh3#
{White checkmated} 0-1

[Event "Team 45 45 League T50"]
[Site "Internet Chess Club"]
[Date "2011.09.14"]
[Round "6"]
[White "crag"]
[Black "siddhu"]
[Result "1/2-1/2"]
[WhiteElo "1688"]
[BlackElo "1990"]
[Opening "Petrov: classical attack"]
[ECO "C42"]
[Time "19:30:18"]
[TimeControl "2700+45"]

1. e4 e5 2. Nf3 Nf6 3. Nxe5 d6 4. Nf3 Nxe4 5. d4 d5 6. Bd3 Nc6 7. O-O Bg4 8. c4
Nf6 9. cxd5 Bxf3 10. Qxf3 Qxd5 11. Qe2+ Be7 12. Bb5 Qd6 13. Nc3 O-O 14. Bxc6
bxc6 15. Be3 Nd5 16. Rac1 Rfe8 17. Nxd5 Qxd5 18. Qc4 Bd6 19. g3 Rab8 20. b3 Rb6
21. Rfd1 Rd8 22. Qa4 a5 23. Rc4 Rb4 24. Qxc6 Qxc6 25. Rxc6 a4 26. Rc4 axb3 27.
Rxb4 Bxb4 28. axb3 Kf8 29. Bf4 Bd6 30. Bxd6+ {Game drawn by mutual agreement}
1/2-1/2

[Event "Team 45 45 League T50"]
[Site "Internet Chess Club"]
[Date "2011.09.18"]
[Round "6"]
[White "DTK"]
[Black "Stryker672"]
[Result "1-0"]
[WhiteElo "2204"]
[BlackElo "1932"]
[Opening "Ruy Lopez: classical defense, Benelux variation"]
[ECO "C64"]
[Time "17:00:18"]
[TimeControl "2700+45"]

1. e4 e5 2. Nf3 Nc6 3. Bb5 Bc5 4. O-O Nf6 5. c3 O-O 6. d4 Bb6 7. Bg5 h6 8. Bh4
d6 9. Qd3 Bd7 10. Nbd2 g5 11. Nxg5 hxg5 12. Bxg5 exd4 13. cxd4 Kg7 14. e5 Bxd4
15. Bxf6+ Qxf6 16. exf6+ Bxf6 17. Ne4 {Black resigns} 1-0

[Event "Team 45 45 League T50"]
[Site "Internet Chess Club"]
[Date "2011.09.18"]
[Round "6"]
[White "alexdb"]
[Black "Beetlejuice"]
[Result "0-1"]
[WhiteElo "1891"]
[BlackElo "1856"]
[Opening "Sicilian: closed"]
[ECO "B23"]
[Time "13:03:52"]
[TimeControl "2700+45"]

1. e4 c5 2. Nc3 a6 3. g3 b5 4. Bg2 Bb7 5. b3 e6 6. Bb2 Nf6 7. Nge2 b4 8. Na4
Nxe4 9. O-O d5 10. d3 Nf6 11. c3 Be7 12. d4 cxd4 13. c4 O-O 14. Nxd4 Nbd7 15.
Re1 Rb8 16. cxd5 Nxd5 17. Rc1 Rc8 18. Qd2 Nc5 19. Nxc5 Bxc5 20. Rc4 Qd7 21. Nc2
Qe7 22. Nd4 Qd6 23. Rec1 a5 24. Nb5 Qb6 25. Nd4 Be7 26. Bxd5 exd5 27. Nf5 dxc4
28. Nxe7+ Kh8 29. Nxc8 Qc6 30. Bxg7+ Kxg7 31. Qd4+ f6 32. Qg4+ Kh8 33. f3 Bxc8
34. Rxc4 Bxg4 35. Rxc6 Bxf3 36. Ra6 Kg7 37. Rxa5 Rd8 38. Rb5 Rd2 39. Rxb4 Rxa2
40. Rf4 Bd5 41. b4 Rg2+ 42. Kf1 Rxh2 43. Rd4 Rh5 44. Kf2 Kf7 45. g4 Re5 46. Kg3
Ke6 47. Kf4 Re1 48. Rd2 Re4+ 49. Kg3 Rxb4 50. Re2+ Re4 51. Rh2 Re3+ 52. Kf2 Rf3+
53. Ke2 Rf4 54. Rxh7 Rxg4 55. Ke3 Be4 56. Rh8 f5 57. Re8+ Kf6 58. Rf8+ Kg5 59.
Rg8+ Kh4 60. Re8 Kg3 61. Rc8 Bg2 62. Rc3 f4+ 63. Ke2+ Kh2 64. Kf2 f3 65. Rc2 Re4
66. Rd2 Ra4 67. Rb2 Ra1 68. Rd2 Rf1+ 69. Ke3 Kg3 70. Rd8 Re1+ 71. Kd2 Kf2 72.
Rg8 Kf1 73. Rg7 f2 74. Rg8 Kg1 75. Rf8 f1=Q {White resigns} 0-1

[Event "Team 45 45 League T50"]
[Site "Internet Chess Club"]
[Date "2011.09.16"]
[Round "6"]
[White "giltar"]
[Black "room-matt"]
[Result "0-1"]
[WhiteElo "1809"]
[BlackElo "1705"]
[Opening "KGA: bishop's gambit, Bogolyubov variation"]
[ECO "C33"]
[Time "14:51:10"]
[TimeControl "2700+45"]

1. e4 e5 2. f4 exf4 3. Bc4 Nf6 4. Nc3 d6 5. Nf3 c6 6. d4 b5 7. Bb3 b4 8. Ne2
Nxe4 9. Bxf4 d5 10. O-O Bd6 11. Ne5 Bxe5 12. Bxe5 O-O 13. a3 Na6 14. axb4 Nxb4
15. c3 Na6 16. Qd3 Qb6 17. Bc2 Re8 18. Qf3 Re7 19. Bxg7 f5 20. Bh6 c5 21. Be3 c4
22. Nf4 Qd6 23. Ra5 Nc7 24. Nh5 Ne8 25. Bf4 Qc6 26. Be5 Rxe5 27. Ba4 Qb6 28. Rb5
Qa6 29. dxe5 Qxa4 30. Rxd5 Be6 31. Rd4 Qc6 32. Nf4 Ng7 33. Qd1 Rf8 34. Qe2 Qc7
35. Nxe6 Nxe6 36. Qxc4 Qxc4 37. Rxc4 Nd2 38. Rc6 Nxf1 39. Kxf1 Nf4 40. Ra6 Rf7
41. g3 Nd3 42. b3 Nxe5 43. Re6 Ng4 44. h3 Nf6 45. c4 Ne4 46. Kg2 Nd2 47. Re3 Rb7
48. c5 Ne4 49. Rc3 Nxc3 {White resigns} 0-1

[Event "Team 45 45 League T50"]
[Site "Internet Chess Club"]
[Date "2011.09.17"]
[Round "6"]
[White "tryanything"]
[Black "Tjet"]
[Result "1-0"]
[WhiteElo "1574"]
[BlackElo "1448"]
[Opening "King's pawn opening"]
[ECO "B07"]
[Time "19:05:15"]
[TimeControl "2700+45"]

1. e4 d6 2. d4 e5 3. dxe5 dxe5 4. Qxd8+ Kxd8 5. Nf3 f6 6. Bc4 c6 7. a4 Kc7 8. h3
Nd7 9. a5 a6 10. Be3 Bc5 11. Bxc5 Nxc5 12. Nbd2 Be6 13. Bxe6 Nxe6 14. g3 Ne7 15.
Ke2 g5 16. b4 Rad8 17. Rhd1 Nd4+ 18. Nxd4 Rxd4 19. c3 Rd6 20. Nc4 Rxd1 21. Rxd1
Rd8 22. Rxd8 Kxd8 23. Nd6 Kc7 24. Ne8+ Kc8 25. Nxf6 h6 26. Ng4 Ng8 27. Nxe5 Kc7
28. Nd3 b6 29. axb6+ Kxb6 30. Ke3 a5 31. bxa5+ Kxa5 32. Kd4 Kb6 33. e5 Ne7 34.
g4 Nd5 35. c4 Ne7 36. f4 gxf4 37. Nxf4 c5+ 38. Ke4 Kc6 39. Nd5 Nxd5 40. cxd5+
Kd7 41. Kd3 {Black resigns} 1-0

[Event "Team 45 45 League T50"]
[Site "Internet Chess Club"]
[Date "2011.09.15"]
[Round "6"]
[White "alaskauk"]
[Black "nanning"]
[Result "1-0"]
[WhiteElo "1536"]
[BlackElo "1518"]
[Opening "Sicilian: Taimanov (Bastrikov) variation"]
[ECO "B47"]
[Time "15:00:48"]
[TimeControl "2700+45"]

1. e4 c5 2. Nf3 e6 3. d4 cxd4 4. Nxd4 Nc6 5. Nc3 Qc7 6. Be2 Nf6 7. Nxc6 bxc6 8.
O-O d5 9. exd5 cxd5 10. Nb5 Qb8 11. Qd4 e5 12. Qc3 d4 13. Qc6+ Kd8 14. Bd2 a5
15. Bg5 Ra6 16. Bxf6+ gxf6 17. Qd5+ Ke7 18. Qc5+ Kd8 19. Qd5+ Ke7 20. Nxd4 Qa8
21. Qxa8 Rxa8 22. Nf3 Rg8 23. Rfd1 Be6 24. b3 Bh3 25. g3 Bg4 26. Kg2 e4 27. Ng1
f5 28. f3 exf3+ 29. Bxf3 h5 30. Bxa8 Bxd1 31. Rxd1 h4 32. Bf3 hxg3 33. hxg3 f4
34. g4 f5 35. Bd5 Rg6 36. Kf3 fxg4+ 37. Kxf4 Bh6+ 38. Kg3 Kf6 39. Rd4 Ke5 40.
Rd1 Bf4+ 41. Kg2 Rg5 42. c4 Rh5 43. Re1+ Kf6 44. Kf1 g3 45. Re2 Bc7 46. Rg2 Rf5+
47. Nf3 Ke7 48. Ke2 Kd6 49. Rxg3 {Black resigns} 1-0

[Event "Team 45 45 League T50"]
[Site "Internet Chess Club"]
[Date "2011.09.19"]
[Round "6"]
[White "musfeldt"]
[Black "JohLeb"]
[Result "0-1"]
[WhiteElo "1299"]
[BlackElo "1410"]
[Opening "QGD Slav: 4.Nc3"]
[ECO "D15"]
[Time "21:00:38"]
[TimeControl "2700+45"]

1. d4 d5 2. c4 c6 3. Nc3 Nf6 4. Nf3 Bg4 5. Bg5 e6 6. e3 Be7 7. Be2 Nbd7 8. O-O
h6 9. Bf4 Nh5 10. Bg3 Nxg3 11. fxg3 Bf6 12. c5 O-O 13. b4 Qc7 14. a4 a5 15. b5
Rfe8 16. b6 Qb8 17. e4 dxe4 18. Nxe4 Be7 19. Nh4 Bxe2 20. Qxe2 Nf6 21. Rae1 Qd8
22. Nf3 Nd5 23. Ne5 Rf8 24. Rf3 Nf6 25. Qf2 Nxe4 26. Rxe4 Qd5 27. Ref4 f5 28.
Ng6 Rf7 29. h4 Kh7 30. h5 Bg5 31. Ne5 Rf6 32. Ng4 fxg4 33. Rxf6 gxf3 34. Qc2+
Kg8 35. Qg6 Qxd4+ 36. Kh2 Qxf6 {White resigns} 0-1

[Event "Team 45 45 League T50"]
[Site "Internet Chess Club"]
[Date "2011.09.16"]
[Round "6"]
[White "otib2006"]
[Black "Aquaman"]
[Result "1-0"]
[WhiteElo "1311"]
[BlackElo "1238"]
[Opening "Sicilian defense"]
[ECO "B20"]
[Time "16:23:32"]
[TimeControl "2700+45"]

1. e4 c5 2. Bc4 g6 3. Nf3 Bg7 4. O-O Nc6 5. Re1 d6 6. Ng5 e6 7. Qf3 Nf6 8. c3
Ne5 9. Qe2 Nxc4 10. Qxc4 O-O 11. d4 b6 12. dxc5 bxc5 13. Bf4 e5 14. Bg3 h6 15.
Nf3 Nh5 16. Nh4 Be6 17. Qe2 Nxg3 18. fxg3 Bf6 19. Nf3 Rb8 20. Na3 Qb6 21. Nc4
Bxc4 22. Qxc4 Kg7 23. b3 Be7 24. h3 Qb7 25. Kh2 Qd7 26. Qd5 Rbd8 27. Red1 Qc7
28. c4 a5 29. Nd2 Qa7 30. Nb1 a4 31. Nc3 axb3 32. axb3 Qd7 33. Nb5 f6 34. Ra7
Qe8 35. Nc7 Qf7 36. Ne6+ Kh7 37. Nxf8+ Qxf8 38. Qe6 Re8 39. Rxd6 Kh8 40. Rdd7
Ra8 41. Rxe7 Rxa7 42. Rxa7 Qd8 43. Qd5 Qf8 44. Ra8 {Black resigns} 1-0

[Event "Team 45 45 League T50"]
[Site "Internet Chess Club"]
[Date "2011.09.19"]
[Round "6"]
[White "mongmong"]
[Black "Xanther"]
[Result "0-1"]
[WhiteElo "1573"]
[BlackElo "1551"]
[Opening "Queen's pawn game"]
[ECO "D04"]
[Time "20:16:14"]
[TimeControl "2700+45"]

1. d4 d5 2. Nf3 Nf6 3. e3 Bf5 4. c4 e6 5. Nc3 c6 6. Nh4 Bg6 7. Nxg6 hxg6 8. Bd2
Nbd7 9. g3 Bd6 10. Qb3 Rb8 11. Bg2 a6 12. a4 O-O 13. O-O Re8 14. Rac1 Nb6 15. c5
Nc4 16. Be1 Bc7 17. Na2 e5 18. Qc2 exd4 19. exd4 Qd7 20. b3 Na5 21. Nb4 Qg4 22.
f3 Qxd4+ 23. Kh1 Rxe1 24. Rfxe1 Qxb4 25. Rb1 b6 26. Re7 Bd8 27. Re3 bxc5 28. Bf1
c4 29. Rc3 cxb3 30. Qd3 c5 31. Rcxb3 Nxb3 32. Qxa6 c4 33. Qa7 Ba5 34. Be2 Re8
35. Qf2 Qd2 36. Qf1 {White resigns} 0-1

[Event "Team 45 45 League T50"]
[Site "Internet Chess Club"]
[Date "2011.09.18"]
[Round "6"]
[White "doublepar"]
[Black "seattleblues"]
[Result "1-0"]
[WhiteElo "1477"]
[BlackElo "1456"]
[Opening "Caro-Kann: classical variation"]
[ECO "B18"]
[Time "21:01:27"]
[TimeControl "2700+45"]

1. e4 c6 2. d4 d5 3. Nc3 dxe4 4. Nxe4 Bf5 5. Ng3 Bg6 6. Bd3 Bxd3 7. Qxd3 Nf6 8.
Nf3 Nbd7 9. O-O e6 10. Re1 c5 11. Bg5 Be7 12. Rad1 cxd4 13. Nxd4 O-O 14. b3 Rc8
15. c4 Rc5 16. Bxf6 Nxf6 17. Ne4 Rc7 18. Nxf6+ Bxf6 19. Nb5 Rc8 20. a4 Qb6 21.
Qd6 Rc6 22. Qd3 Rd8 23. Qf3 a6 24. Rxd8+ Bxd8 25. Nc3 Qxb3 26. Rb1 Qxc4 27. Rxb7
Qxc3 28. Qxf7+ Kh8 29. Qf8# {Black checkmated} 1-0

[Event "Team 45 45 League T50"]
[Site "Internet Chess Club"]
[Date "2011.09.16"]
[Round "6"]
[White "MichaelJames"]
[Black "oldprez"]
[Result "0-1"]
[WhiteElo "1317"]
[BlackElo "1524"]
[Opening "Pirc: Byrne variation"]
[ECO "B07"]
[Time "20:00:27"]
[TimeControl "2700+45"]

1. e4 d6 2. d4 Nf6 3. Nc3 g6 4. Bg5 Bg7 5. f4 O-O 6. e5 dxe5 7. fxe5 Ne8 8. Nf3
f6 9. Bc4+ Kh8 10. Bf4 Bg4 11. O-O Nd7 12. h3 Bxf3 13. Rxf3 c5 14. e6 Nb6 15.
Bf1 Qxd4+ 16. Qxd4 cxd4 17. Nb5 f5 18. Rd1 Nd5 19. Nxd4 Nxf4 20. Rxf4 Nc7 21.
Bc4 g5 22. Rff1 Rad8 23. c3 Rd6 24. Nb5 Nxb5 25. Bxb5 Rxe6 26. Rd7 a6 27. Bc4
Re4 28. Bb3 Re2 29. Rxb7 Rxb2 30. Rxe7 Bxc3 31. Ra7 Bd4+ 32. Kh1 Bxa7 33. g4 Rf2
34. Rxf2 Bxf2 35. Kg2 {White resigns} 0-1

[Event "Team 45 45 League T50"]
[Site "Internet Chess Club"]
[Date "2011.09.18"]
[Round "6"]
[White "radiohead"]
[Black "Conjurer"]
[Result "1-0"]
[WhiteElo "1405"]
[BlackElo "1366"]
[Opening "Sicilian: Najdorf"]
[ECO "B90"]
[Time "21:30:27"]
[TimeControl "2700+45"]

1. e4 c5 2. Nf3 d6 3. d4 cxd4 4. Nxd4 Nf6 5. Nc3 a6 6. f3 g6 7. Be3 Bg7 8. Qd2
Nc6 9. O-O-O O-O 10. g4 e5 11. Nb3 Be6 12. h4 Ne8 13. h5 Rc8 14. hxg6 fxg6 15.
Bh6 Qe7 16. Nd5 Qf7 17. Be2 Bxd5 18. Bxg7 Kxg7 19. exd5 Ne7 20. Rh3 Rh8 21. Rh2
Nf6 22. f4 Nexd5 23. g5 Nd7 24. Kb1 Qxf4 25. Qxf4 Nxf4 26. Bg4 Rc7 27. Rxd6 Nc5
28. Nxc5 Rxc5 29. Rd7+ Kg8 30. Rhd2 Rc8 31. Rxb7 Rf8 32. Rdd7 Nh5 33. Be6+
{Black resigns} 1-0

[Event "Team 45 45 League T50"]
[Site "Internet Chess Club"]
[Date "2011.09.17"]
[Round "6"]
[White "BrerRabbit"]
[Black "Berke"]
[Result "1/2-1/2"]
[WhiteElo "1532"]
[BlackElo "1577"]
[Opening "English opening"]
[ECO "A20"]
[Time "10:46:45"]
[TimeControl "2700+45"]

1. c4 e5 2. g3 Nf6 3. Bg2 Nc6 4. Nc3 Bc5 5. e3 O-O 6. Nge2 d6 7. d4 exd4 8. exd4
Bb4 9. O-O Bg4 10. h3 Bh5 11. g4 Bg6 12. a3 Bxc3 13. Nxc3 Qd7 14. f4 h6 15. f5
Bh7 16. Bf4 Kh8 17. Qd3 Rae8 18. Rae1 Nd8 19. Qd2 Ng8 20. Nd5 c6 21. Nc3 f6 22.
Rf2 Rxe1+ 23. Qxe1 Re8 24. Re2 Rxe2 25. Qxe2 Nf7 26. Qe6 Qe7 27. b4 g6 28. Qxe7
Nxe7 29. fxg6 Bxg6 30. Be4 f5 31. Bg2 fxg4 32. hxg4 Bd3 33. Bf1 Bxf1 34. Kxf1
Kg7 35. Kf2 Ng6 36. Kg3 Nxf4 37. Kxf4 Kg6 {Game drawn by mutual agreement}
1/2-1/2

[Event "Team 45 45 League T50"]
[Site "Internet Chess Club"]
[Date "2011.09.19"]
[Round "6"]
[White "Barie"]
[Black "PsyMar"]
[Result "1-0"]
[WhiteElo "1454"]
[BlackElo "1336"]
[Opening "English opening"]
[ECO "A10"]
[Time "19:30:09"]
[TimeControl "2700+45"]

1. c4 Nc6 2. g3 e5 3. Bg2 Bc5 4. Nc3 Nge7 5. e3 O-O 6. Nge2 Nb4 7. d4 exd4 8.
exd4 Bb6 9. a3 Nbc6 10. c5 Ba5 11. b4 Nxb4 12. axb4 Bxb4 13. O-O c6 14. Qa4 a5
15. Na2 Ra6 16. Rb1 Nf5 17. Nxb4 axb4 18. Qxb4 Re8 19. Re1 d6 20. Bb2 dxc5 21.
dxc5 Ra5 22. Rbd1 Rb5 23. Rxd8 Rxd8 24. Qc3 {Black resigns} 1-0

[Event "Team 45 45 League T50"]
[Site "Internet Chess Club"]
[Date "2011.09.20"]
[Round "6"]
[White "BotanicalKnight"]
[Black "oldsj"]
[Result "1/2-1/2"]
[WhiteElo "1556"]
[BlackElo "1527"]
[Opening "Sicilian: closed, 6.f4 e5 (Botvinnik)"]
[ECO "B25"]
[Time "19:02:31"]
[TimeControl "2700+45"]

1. e4 c5 2. Nc3 Nc6 3. g3 g6 4. Bg2 Bg7 5. d3 d6 6. f4 e5 7. Nf3 Nge7 8. O-O
exf4 9. Bxf4 Bg4 10. h3 Be6 11. a3 O-O 12. g4 Ne5 13. Qd2 N7c6 14. Bh6 Nxf3+ 15.
Bxf3 Bd4+ 16. Kh1 Re8 17. Rab1 Qh4 18. Kg2 Qe7 19. Ne2 Bg7 20. Bxg7 Kxg7 21. c3
Ne5 22. Nf4 Rad8 23. Nxe6+ fxe6 24. Be2 d5 25. exd5 exd5 26. Rbe1 d4 27. c4
{Game drawn by mutual agreement} 1/2-1/2

[Event "Team 45 45 League T50"]
[Site "Internet Chess Club"]
[Date "2011.09.20"]
[Round "6"]
[White "stan-beers"]
[Black "drsigmund1"]
[Result "1-0"]
[WhiteElo "1457"]
[BlackElo "1426"]
[Opening "King's pawn game"]
[ECO "C20"]
[Time "19:00:09"]
[TimeControl "2700+45"]

1. e4 e5 2. g3 Nf6 3. Bg2 Be7 4. d3 O-O 5. Nf3 d6 6. O-O Bg4 7. c3 c6 8. Nbd2
Qd7 9. Re1 Na6 10. a4 Bd8 11. Qc2 Re8 12. Nc4 d5 13. Ncxe5 Qc8 14. Nxg4 Qxg4 15.
e5 Nd7 16. d4 c5 17. Bf4 Ba5 18. Rad1 Nc7 19. Ng5 h6 20. Bf3 Qxf4 21. gxf4 hxg5
22. fxg5 cxd4 23. Rxd4 Ne6 24. Rxd5 Nb6 {Black resigns} 1-0

[Event "Team 45 45 League T50"]
[Site "Internet Chess Club"]
[Date "2011.09.16"]
[Round "6"]
[White "Cicero"]
[Black "Risto"]
[Result "0-1"]
[WhiteElo "1321"]
[BlackElo "1359"]
[Opening "French: advance, Paulsen attack"]
[ECO "C02"]
[Time "13:00:33"]
[TimeControl "2700+45"]

1. e4 e6 2. d4 d5 3. e5 c5 4. c3 Nc6 5. Nf3 Nge7 6. a3 Ng6 7. Bd3 cxd4 8. cxd4
Be7 9. O-O O-O 10. b4 a6 11. Be3 Bd7 12. Nbd2 Be8 13. Rc1 f6 14. Bxg6 Bxg6 15.
Nh4 Bf7 16. Qg4 fxe5 17. Rxc6 h5 18. Qg3 Bxh4 19. Qxe5 bxc6 20. Nf3 Bf6 21. Qg3
Kh7 22. Ng5+ Bxg5 23. Bxg5 Qd7 24. Re1 a5 25. Re5 axb4 26. Bf4 Rxa3 27. f3 Ra1+
28. Kf2 Bg6 29. Qh4 Rxf4 30. Qxf4 b3 31. Rg5 b2 32. g4 b1=Q 33. Rxh5+ Bxh5 34.
Qg5 Qg1+ 35. Ke2 Qe1+ 36. Kd3 Ra3+ 37. Kc2 Rc3+ 38. Kb2 Qb7+ 39. Ka2 Qeb1#
{White checkmated} 0-1

[Event "Team 45 45 League T50"]
[Site "Internet Chess Club"]
[Date "2011.09.18"]
[Round "6"]
[White "wekabird"]
[Black "jjaillet2007"]
[Result "0-1"]
[WhiteElo "1152"]
[BlackElo "1321"]
[Opening "QGD: Tarrasch defense"]
[ECO "D32"]
[Time "20:30:26"]
[TimeControl "2700+45"]

1. c4 c5 2. Nc3 e6 3. Nf3 d5 4. cxd5 exd5 5. d4 Nc6 6. e3 a6 7. h3 Bd6 8. g3 Nf6
9. Bg2 O-O 10. O-O cxd4 11. exd4 Re8 12. Bg5 Be7 13. Re1 Be6 14. a3 h6 15. Bf4
Qd7 16. Kh2 Bd6 17. Bxd6 Qxd6 18. Ne5 Nd7 19. Nxd7 Qxd7 20. Ne2 Bf5 21. Qd2 Be4
22. Nf4 Bxg2 23. Rxe8+ Rxe8 24. Nxg2 Re4 25. Re1 Nxd4 26. Qd1 Qf5 27. Rxe4 Qxe4
28. Ne1 f5 29. f3 Qe2+ 30. Qxe2 Nxe2 31. Nd3 Kf7 32. Ne5+ Ke6 33. f4 g5 34. Kg2
gxf4 35. gxf4 Nxf4+ 36. Kf3 Kxe5 37. b4 d4 38. h4 b5 39. Kf2 Ke4 40. Ke1 Ng2+
41. Kd2 Nxh4 42. a4 bxa4 43. Kc2 d3+ {White resigns} 0-1

[Event "Team 45 45 League T50"]
[Site "Internet Chess Club"]
[Date "2011.09.19"]
[Round "6"]
[White "mattphelps"]
[Black "MateIn42"]
[Result "1-0"]
[WhiteElo "1321"]
[BlackElo "1379"]
[Opening "Queen's Indian accelerated"]
[ECO "E12"]
[Time "20:01:22"]
[TimeControl "2700+45"]

1. d4 Nf6 2. c4 b6 3. Nc3 Bb7 4. Nf3 e6 5. e3 Be7 6. Bd3 c5 7. O-O cxd4 8. exd4
O-O 9. Qc2 Bxf3 10. gxf3 d5 11. Kh1 Kh8 12. cxd5 exd5 13. Rg1 Nc6 14. Be3 Nb4
15. Qd2 Nxd3 16. Qxd3 Qd7 17. Rg3 Nh5 18. Rg2 Rg8 19. Rag1 Bf6 20. Ne2 Rae8 21.
Nf4 Nxf4 22. Bxf4 Qa4 23. Rg3 Qxd4 24. Qxh7+ Kxh7 25. Rh3+ {Black resigns} 1-0

[Event "Team 45 45 League T50"]
[Site "Internet Chess Club"]
[Date "2011.09.17"]
[Round "6"]
[White "houseofcook"]
[Black "bishop10186"]
[Result "1-0"]
[WhiteElo "1462"]
[BlackElo "1224"]
[Opening "French: Tarrasch, closed variation"]
[ECO "C05"]
[Time "14:00:28"]
[TimeControl "2700+45"]

1. e4 e6 2. d4 d5 3. Nd2 Nf6 4. e5 Nfd7 5. Bd3 c5 6. c3 Nc6 7. Ne2 f5 8. Nf3 Be7
9. O-O O-O 10. Nf4 Nb6 11. Nh3 cxd4 12. cxd4 Bd7 13. Bg5 Nb4 14. Bxe7 Qxe7 15.
Be2 Rac8 16. a3 Nc6 17. Rc1 Na5 18. Nd2 Rxc1 19. Qxc1 Rc8 20. Qb1 Nac4 21. Nxc4
Nxc4 22. Bxc4 Rxc4 23. Rd1 Qh4 24. f4 Qd8 25. b3 Rc3 26. Rd3 Qc8 27. Rd1 Bb5 28.
Nf2 Be2 29. Re1 Rc2 30. Qa1 Ba6 31. b4 Qc4 32. Rd1 Qe2 33. Rf1 Qe3 34. Qe1 Qxd4
35. Qb1 Qd2 36. b5 Rb2 37. Qd1 Bxb5 38. Qxd2 Rxd2 39. Rc1 Bc4 40. Rc3 Rb2 41. h3
Rb3 42. Rxb3 Bxb3 43. Nd3 b5 44. Nc5 Bc4 45. Nxe6 Kf7 46. Nd4 a5 47. Nxf5 b4 48.
axb4 axb4 49. Ne3 b3 50. Nd1 b2 51. Nxb2 {Black resigns} 1-0

[Event "Team 45 45 League T50"]
[Site "Internet Chess Club"]
[Date "2011.09.18"]
[Round "6"]
[White "nlobo"]
[Black "dabodhi"]
[Result "0-1"]
[WhiteElo "976"]
[BlackElo "1228"]
[Opening "Réti: Wade defense"]
[ECO "B07"]
[Time "20:03:14"]
[TimeControl "2700+45"]

1. e4 d6 2. Nf3 Bg4 3. Bc4 h6 4. d4 Nc6 5. h3 Bh5 6. Bd5 e6 7. Bxc6+ bxc6 8. Qd3
Nf6 9. e5 Bg6 10. Qa6 Nd7 11. Qxc6 Be7 12. exd6 cxd6 13. Bf4 Rc8 14. Qa4 Rxc2
15. Ne5 dxe5 16. Bxe5 O-O 17. O-O Nxe5 18. dxe5 Qb6 19. Na3 Re2 20. Nc4 Qd4 21.
Rad1 Qc5 22. Nd2 Bh4 23. Qxh4 Bc2 24. Nb3 Qb6 25. Rc1 Bxb3 26. axb3 Qxb3 27.
Rcd1 Qxb2 28. Rd8 Rxd8 29. Qxd8+ Kh7 30. Qd3+ g6 31. Rb1 Qxe5 32. Kf1 Ra2 33. g3
a5 34. Re1 Qb2 35. Re2 Ra1+ 36. Re1 Ra3 37. Qe4 a4 38. Qf4 Qb5+ 39. Kg1 Qb7 40.
h4 h5 41. Rc1 Ra2 42. Kh2 Qa7 43. Kh3 Re2 44. Rc7 Rxf2 45. Rxf7+ Qxf7 46. Qxf7+
Rxf7 47. g4 Rf3+ 48. Kg2 hxg4 49. h5 a3 50. hxg6+ Kxg6 51. Kg1 a2 52. Kg2 a1=Q
53. Kh2 Rb3 54. Kg2 Qa2+ {White resigns} 0-1